Description

t

Replay - Serral v ShoWTimE: Game 1 - Triton LE

Build Order

Get SALT Encoding   

  12  0:00  Drone  
  13  0:12  Overlord  
  13  0:16  Drone  
  14  0:30  Drone x2  
  16  0:49  Hatchery  
  15  0:51  Drone x2  
  17  0:57  Drone  
  18  1:08  Extractor  
  17  1:13  Spawning Pool  
  17  1:16  Drone  
  17  1:22  Drone  
  18  1:27  Drone  
  20  1:49  Overlord  
  20  2:00  Queen x2  
  20  2:01  Zergling x4  
  26  2:12  Metabolic Boost  
  30  2:34  Hatchery  
  30  2:43  Queen  
  32  2:48  Overlord  
  35  3:07  Zergling x2  
  35  3:11  Overlord  
  39  3:19  Queen  
  43  3:29  Zergling x2  
  43  3:30  Spore Crawler  
  43  3:31  Overlord  
  43  3:37  Zergling x2  
  48  3:46  Queen  
  51  4:02  Zergling x2  
  57  4:07  Spore Crawler  
  61  4:19  Evolution Chamber  
  61  4:22  Lair  
  61  4:24  Roach Warren  
  61  4:29  Zergling x6  
  64  4:35  Zergling x2  
  65  4:40  Spore Crawler, Extractor x2  
  73  5:11  Spore Crawler  
  74  5:16  Extractor  
  83  6:01  Extractor x2  
  83  6:04  Evolution Chamber  
  83  6:09  Glial Reconstitution  
  86  6:11  Infestation Pit  
  89  6:24  Roach x5  
  98  6:30  Zerg Missile Weapons Level 1  
  95  6:52  Ravager x2  
  95  6:53  Roach x4  
  105  6:57  Ravager  
  125  7:15  Hatchery  
  128  7:21  Queen  
  136  7:45  Hydralisk Den, Roach  
  161  8:21  Lurker Den, Muscular Augments  
  161  8:24  Hydralisk x5  
  161  8:25  Extractor x2  
  165  8:37  Hydralisk x2  
  163  8:47  Hydralisk x3  
  155  9:09  Infestation Pit  
  150  9:18  Spore Crawler, Queen  
  161  9:25  Lurker x2  
  161  9:32  Grooved Spines  
  161  9:36  Lurker x2  
  161  9:41  Overseer  
  161  9:50  Spire x2, Lurker  
Spawning Tool Build Advisor. Get it on Overwolf

Analysis

t

Go to:

Details

  • Created by: jakeko4
  • Published on: Apr 15, 2020
  • Modified on: Apr 15, 2020
  • Patch: 4.11.0
Show
View Real Time Build Order
Export as new Build Order

Comments (0)

There are no comments. Be the first!

Create an account to comment!